[Event "Titled Tuesday Blitz October 11 Late 2022"]
[White "Evdokimov, Alexey"]
[Black "Djordjevic, Dejan N"]
[WhiteFideId "24162450"]
[BlackFideId "913316"]
[WhiteElo "2154"]
[BlackElo "2262"]
[Result "0-1"]
[Round "06"]
[TimeControl "180+1"]
[Date "2022.10.12"]
[WhiteClock "0:00:02"]
[BlackClock "0:00:47"]

1. e4 c5 2. Nf3 Nc6 3. d4 cxd4 4. Nxd4 Nf6 5. Nc3 Qb6 6. Nb3 e6 7. Be3 Qc7 8. Be2 a6 9. a4 b6 10. O-O Bb4 11. Nd5 exd5 12. exd5 Ne7 13. Bf3 Bd6 14. a5 bxa5 15. Re1 O-O 16. Nxa5 Ng6 17. b3 Rb8 18. Nc4 Bxh2+ 19. Kh1 Bd6 20. Qd4 Bb7 21. Rad1 Rbe8 22. Qb6 Qxb6 23. Bxb6 Bb4 24. Rxe8 Rxe8 25. c3 Bxc3 26. Nd6 Re1+ 27. Rxe1 Bxe1 28. Nxb7 Ne5 29. d6 Nxf3 30. gxf3 Bb4 31. Nc5 Bxc5 32. Bxc5 Nd5 33. b4 f5 34. Kg2 g5 35. Kf1 Kf7 36. Ke2 Ke6 37. Kd3 h5 38. Kc4 h4 39. Bd4 h3 40. f4 Nxf4 0-1


[Site "https://www.chess.com"]

[Event "Titled Tuesday Blitz October 11 Late 2022"]
[White "Fernandez De La Vara, Arnaldo"]
[Black "Boruchovsky, Avital"]
[WhiteFideId "3518388"]
[BlackFideId "2800055"]
[WhiteElo "2387"]
[BlackElo "2466"]
[Result "1-0"]
[Round "06"]
[TimeControl "180+1"]
[Date "2022.10.11"]
[WhiteClock "0:00:10"]
[BlackClock "0:00:13"]

1. Nf3 d5 2. b3 c5 3. Bb2 f6 4. d4 cxd4 5. Nxd4 e5 6. Nf3 Nc6 7. e3 Bf5 8. a3 Bc5 9. c4 Nge7 10. Nc3 d4 11. Na4 Qa5+ 12. Qd2 Qxd2+ 13. Nxd2 dxe3 14. Nxc5 exd2+ 15. Kxd2 O-O-O+ 16. Kc3 Nd4 17. Re1 Nec6 18. Bd3 Bxd3 19. Nxd3 Nxb3 20. Nxe5 Nxe5 21. Kxb3 Nc6 22. Bc3 Rd3 23. Kc2 Rhd8 24. Rd1 Rxd1 25. Rxd1 Rxd1 26. Kxd1 Kd7 27. Ke2 Kd6 28. Kd3 Kc5 29. f4 a5 30. Be1 a4 31. Bf2+ Kd6 32. g4 g6 33. h3 f5 34. gxf5 gxf5 35. Be1 Nd8 36. Bb4+ Kd7 37. Kd4 Ke6 38. Kc5 Nc6 39. Bc3 Kd7 40. Kb5 Ne7 41. Kxa4 Ng6 42. Bd2 Kc6 43. Kb4 Nh4 44. Kc3 Nf3 45. Be3 h5 46. Bf2 Nh2 47. Kd3 b5 48. cxb5+ Kxb5 49. Ke2 Ka4 50. Bg3 Ng4 51. hxg4 hxg4 52. Ke3 Kxa3 53. Kd4 Kb4 54. Ke5 Kc4 55. Kxf5 Kd3 56. Kxg4 Ke4 57. f5 1-0


[Site "https://www.chess.com"]

[Event "Titled Tuesday Blitz October 11 Late 2022"]
[White "Floresvillar Gonzalez, Luis Migu"]
[Black "Izuzquiza Gonzalez, Javier"]
[WhiteFideId "5100542"]
[BlackFideId "3101029"]
[WhiteElo "2040"]
[BlackElo "2034"]
[Result "0-1"]
[Round "06"]
[TimeControl "180+1"]
[Date "2022.10.12"]
[WhiteClock "0:01:05"]
[BlackClock "0:00:57"]

1. c3 Nf6 2. d4 g6 3. Bg5 Bg7 4. Nd2 d5 5. e3 O-O 6. h4 c5 7. Be2 Nbd7 8. h5 e5 9. hxg6 fxg6 10. dxc5 Nxc5 11. Ngf3 Qe8 12. Qc2 Bf5 13. Qd1 Rd8 14. Bxf6 Bxf6 15. Nb3 Ne4 16. Nh4 Bxh4 17. Rxh4 Nxf2 18. Qc1 Bd3 19. Nc5 Bxe2 20. Kxe2 Qe7 21. Nxb7 Qxh4 22. Nxd8 Qg4+ 23. Kd2 Ne4+ 24. Kc2 Qe2+ 25. Kb3 Rxd8 26. Qd1 Rb8+ 0-1


[Site "https://www.chess.com"]

[Event "Titled Tuesday Blitz October 11 Late 2022"]
[White "Gasparyan, David"]
[Black "Zochowski, Kacper"]
[WhiteFideId "13311980"]
[BlackFideId "1125494"]
[WhiteElo "2350"]
[BlackElo "2292"]
[Result "0-1"]
[Round "06"]
[TimeControl "180+1"]
[Date "2022.10.12"]
[WhiteClock "0:00:02"]
[BlackClock "0:01:38"]

1. d4 d6 2. e4 g6 3. Nc3 Bg7 4. Be3 a6 5. Qd2 b5 6. a3 Nd7 7. h4 h6 8. Be2 Bb7 9. Nf3 Ngf6 10. Qd3 Ng4 11. O-O Nxe3 12. Qxe3 Nf6 13. e5 dxe5 14. dxe5 Nd5 15. Nxd5 Qxd5 16. Rad1 Qe6 17. Qc5 Qc6 18. Qxc6+ Bxc6 19. Nd4 Bb7 20. f4 O-O-O 21. Nb3 f6 22. Nc5 fxe5 23. Rxd8+ Rxd8 24. Bg4+ Kb8 25. Ne6 Rg8 26. Nxg7 Rxg7 27. fxe5 Bd5 28. Rf8+ Kb7 29. Bc8+ Kb6 30. Bd7 g5 31. h5 g4 32. Rh8 Rg5 33. Rxh6+ Kc5 34. e6 g3 35. Rh8 Re5 36. Rf8 Re1+ 37. Rf1 Re2 38. Rd1 Rxg2+ 39. Kf1 Rh2 40. Rxd5+ Kxd5 41. Be8 Ke4 0-1


[Site "https://www.chess.com"]

[Event "Titled Tuesday Blitz October 11 Late 2022"]
[White "Georgiadis, Ioannis"]
[Black "Zomorrodian, Eilia"]
[WhiteFideId "4208900"]
[BlackFideId "12551805"]
[WhiteElo "2743"]
[BlackElo "2559"]
[Result "1/2-1/2"]
[Round "06"]
[TimeControl "180+1"]
[Date "2022.10.12"]
[WhiteClock "0:01:04"]
[BlackClock "0:00:20"]

1. e4 c5 2. Nf3 e6 3. b3 a6 4. Bb2 b5 5. d4 cxd4 6. Nxd4 Bb7 7. Bd3 Qc7 8. Qe2 d6 9. Nd2 Nf6 10. a4 b4 11. O-O Nbd7 12. Nc4 Be7 13. a5 O-O 14. Kh1 Nc5 15. e5 dxe5 16. Qxe5 Qxe5 17. Nxe5 Nxd3 18. Nxd3 Rfd8 19. f3 Rac8 20. Rac1 Nd5 21. Rfe1 Bf6 22. Ne5 Nc3 23. Bxc3 Rxc3 24. Rcd1 Bxe5 25. Rxe5 Rxc2 26. Nxc2 Rxd1+ 27. Re1 Rxe1+ 28. Nxe1 Bd5 29. Nd3 Bxb3 30. Nxb4 Bc4 31. Kg1 f6 32. Kf2 Kf7 33. f4 Ke7 34. Ke3 Kd6 35. Kd4 Bb5 36. g3 e5+ 37. Ke4 Ke6 38. h3 h6 39. Ke3 g5 40. fxe5 Kxe5 41. h4 Kf5 42. Nd5 Bc4 43. Nb6 Be6 44. hxg5 fxg5 45. Na4 Kg4 46. Kf2 Bc4 47. Nb6 Bb5 48. Nd5 Kf5 49. Ke3 Ke5 50. Nc3 Bc4 51. Ne4 Bf1 52. Nd2 Bb5 53. Ne4 Bc6 54. Nc5 Bb5 55. Ne4 Bc4 56. Nd2 Bd5 57. Nb1 h5 58. Nc3 Bc4 59. Ne4 Kf5 60. Nd6+ Kg4 61. Nxc4 Kxg3 62. Nd2 h4 63. Ne4+ Kg4 64. Nf2+ Kg3 65. Ne4+ Kg4 66. Nf2+ Kg3 67. Ne4+ 1/2-1/2


[Site "https://www.chess.com"]

[Event "Titled Tuesday Blitz October 11 Late 2022"]
[White "Gilmanov, Mansur"]
[Black "Shohat, Yotam"]
[WhiteFideId "4166868"]
[BlackFideId "2813955"]
[WhiteElo "2377"]
[BlackElo "2199"]
[Result "1-0"]
[Round "06"]
[TimeControl "180+1"]
[Date "2022.10.12"]
[WhiteClock "0:00:16"]
[BlackClock "0:00:01"]

1. d4 Nf6 2. Bg5 d5 3. Bxf6 gxf6 4. e3 c5 5. dxc5 e6 6. b4 a5 7. c3 b6 8. Bb5+ Bd7 9. Qa4 bxc5 10. bxc5 Bxc5 11. Nd2 Bxb5 12. Qxb5+ Nd7 13. Ngf3 Qb6 14. Qa4 Ke7 15. O-O Bd6 16. Rab1 Qc7 17. c4 Nc5 18. Qc2 Na6 19. Rfc1 Ba3 20. Rd1 Bb4 21. Qd3 Nc5 22. Qd4 e5 23. Qh4 Rad8 24. cxd5 Rxd5 25. Nc4 Rhd8 26. Rxd5 Rxd5 27. e4 Nxe4 28. Qxe4 Rc5 29. Ne3 Rc1+ 30. Rxc1 Qxc1+ 31. Nf1 Bc5 32. Qe2 a4 33. g3 a3 34. Kg2 Qb2 35. Qxb2 axb2 36. N1d2 Bb4 37. Nb1 e4 38. Nd4 Kd6 39. Nc2 Bc5 40. Kf1 Kd5 41. Ke2 Kc4 42. Ne3+ Kb4 43. Kd2 f5 44. Kc2 1-0


[Site "https://www.chess.com"]

[Event "Titled Tuesday Blitz October 11 Late 2022"]
[White "Girsh, Daniel"]
[Black "Wadsworth, Matthew J"]
[WhiteFideId "30949190"]
[BlackFideId "415804"]
[WhiteElo "2075"]
[BlackElo "2367"]
[Result "0-1"]
[Round "06"]
[TimeControl "180+1"]
[Date "2022.10.12"]
[WhiteClock "0:00:46"]
[BlackClock "0:00:14"]

1. d4 d5 2. Nc3 Nf6 3. Bf4 c6 4. e3 Qb6 5. Na4 Qa5+ 6. c3 b5 7. Nc5 Nbd7 8. b4 Qa3 9. Qb3 Qxb3 10. axb3 Nxc5 11. bxc5 a5 12. Bd3 e6 13. Ne2 Be7 14. Bc7 Bd8 15. Bxd8 Kxd8 16. Kd2 Re8 17. Ra2 Re7 18. Rha1 Rea7 19. Nf4 Ke7 20. Kc2 g6 21. h3 Nd7 22. Ne2 e5 23. f4 f6 24. Ng3 Nf8 25. c4 dxc4 26. bxc4 bxc4 27. Bxc4 Be6 28. Kc3 Bxc4 29. Kxc4 exf4 30. exf4 f5 31. Re1+ Kf7 32. d5 cxd5+ 33. Kxd5 a4 34. Ne2 Ne6 35. Nc3 Rd8+ 36. Kc4 a3 37. Nb5 Ra4+ 38. Kb3 Nxc5+ 39. Kc2 Rc4+ 40. Kb1 Rb4+ 41. Kc2 Rxb5 42. Rxa3 Rd7 43. Rc3 Ne4 44. Rc6 Rd2+ 45. Kc1 Rbb2 46. Rc7+ Ke6 47. g4 Ra2 48. gxf5+ gxf5 49. Kb1 Kd6 50. Rc4 Kd5 51. Rc8 Kd4 52. Rg1 Nc3+ 53. Rxc3 Kxc3 54. Rg3+ Kd4 55. Rb3 Rh2 56. Rb4+ Ke3 57. Rb3+ Kxf4 58. Rb4+ Kg5 59. h4+ Kh5 60. Rb5 Raf2 61. Rc5 Rf1+ 62. Rc1 Rxc1+ 63. Kxc1 Kxh4 64. Kd1 f4 65. Ke1 f3 66. Kf1 Kg3 67. Kg1 f2+ 68. Kf1 Rh1+ 69. Ke2 f1=Q+ 70. Ke3 Qf4+ 71. Ke2 Rh2+ 72. Kd1 Qf1# 0-1


[Site "https://www.chess.com"]

[Event "Titled Tuesday Blitz October 11 Late 2022"]
[White "Gokerkan, Cem Kaan"]
[Black "Suder, Jakub"]
[WhiteFideId "6336760"]
[BlackFideId "1195310"]
[WhiteElo "2365"]
[BlackElo "2174"]
[Result "1-0"]
[Round "06"]
[TimeControl "180+1"]
[Date "2022.10.11"]
[WhiteClock "0:00:07"]
[BlackClock "0:00:04"]

1. c4 e6 2. Nc3 d5 3. d4 a6 4. cxd5 exd5 5. Bf4 c6 6. e3 Bd6 7. Bxd6 Qxd6 8. Bd3 Ne7 9. Nge2 Bf5 10. Bxf5 Nxf5 11. Qd3 g6 12. Rb1 Nd7 13. O-O O-O 14. Nf4 Rfe8 15. Rfc1 Qf6 16. b4 Rec8 17. a4 Nd6 18. b5 axb5 19. axb5 g5 20. Nfe2 Qe6 21. bxc6 bxc6 22. h3 h5 23. Ng3 h4 24. Nf1 f5 25. Nd2 Ne4 26. Ncxe4 fxe4 27. Qe2 Nf6 28. Nb3 Rab8 29. Nc5 Qf5 30. Rxb8 Rxb8 31. Na4 g4 32. hxg4 Nxg4 33. f3 exf3 34. gxf3 Nf6 35. Rxc6 Rb1+ 36. Kh2 Nh5 37. Qa6 Qxf3 38. Qc8+ Kh7 39. Rc7+ Ng7 40. Rxg7+ Kxg7 41. Qc7+ Kg6 42. Qd6+ Kg5 43. Qe5+ Qf5 44. Qg7+ Qg6 45. Qe5+ Kh6 46. Qh8+ Qh7 47. Qf6+ Kh5 48. Qf3+ Kg5 49. Nc3 Rb2+ 50. Kg1 Qc2 51. Qxd5+ Kf6 52. Qe5+ Kg6 53. Qe6+ Kg5 54. Ne4+ Kh5 55. Qf5+ Kh6 56. Qg5+ Kh7 57. Nf6+ Kh8 58. Qg8# 1-0


[Site "https://www.chess.com"]

[Event "Titled Tuesday Blitz October 11 Late 2022"]
[White "Goltsev, Dmitry"]
[Black "Girel, Joseph"]
[WhiteFideId "24176710"]
[BlackFideId "36033561"]
[WhiteElo "2257"]
[BlackElo "2281"]
[Result "1/2-1/2"]
[Round "06"]
[TimeControl "180+1"]
[Date "2022.10.11"]
[WhiteClock "0:00:08"]
[BlackClock "0:00:12"]

1. e4 e5 2. Nf3 Nc6 3. Bb5 Nf6 4. O-O Nxe4 5. d4 Nd6 6. Bxc6 dxc6 7. dxe5 Nf5 8. Qxd8+ Kxd8 9. Rd1+ Ke8 10. b3 Be7 11. Bb2 Nh4 12. Nxh4 Bxh4 13. Nd2 h5 14. Nc4 b6 15. Rd4 Be7 16. Re1 Be6 17. Ne3 a5 18. f4 g6 19. a4 Bc5 20. Rd2 Ke7 21. Bd4 Bxd4 22. Rxd4 Rhd8 23. Red1 Rxd4 24. Rxd4 b5 25. Kf2 c5 26. Nd5+ Kd7 27. Rd2 Bxd5 28. Rxd5+ Kc6 29. Rd3 bxa4 30. bxa4 Rb8 31. c3 Rb2+ 32. Kg3 Ra2 33. Kh4 Rxg2 34. h3 Ra2 35. Kg5 Rxa4 36. Rf3 Kd7 37. Kf6 Ke8 38. f5 gxf5 39. Rg3 Re4 40. Rg8+ Kd7 41. Rf8 a4 42. Rxf7+ Kc6 43. Kxf5 Re1 44. Ke6 a3 45. Rf2 Kb5 46. Kd5 Rd1+ 47. Ke4 Kc4 48. Re2 Kxc3 49. e6 Rd8 50. e7 Re8 51. Kd5 Kb3 52. Kxc5 a2 53. Re1 Kb2 54. Re2+ Kb1 55. Re1+ Kb2 56. Re2+ Kc3 57. Rxa2 Rxe7 58. Kc6 Kd4 59. Ra5 Rh7 60. Rg5 Ke4 61. h4 Kf4 62. Rg1 Kf3 63. Rg5 Ke3 64. Kc5 Rh6 65. Kd5 c6+ 66. Kc5 Kd3 67. Rf5 Ke4 68. Rg5 Kf4 69. Kc4 Rh8 70. Kc5 Rh6 71. Kc4 Ke3 72. Kc5 Kd3 73. Rg3+ Ke4 74. Rg5 Kf4 1/2-1/2


[Site "https://www.chess.com"]

[Event "Titled Tuesday Blitz October 11 Late 2022"]
[White "Gonzalez, Francisco Silva"]
[Black "Poliakova, Varvara"]
[WhiteFideId "1512285"]
[BlackFideId "13518313"]
[WhiteElo "2159"]
[BlackElo "1938"]
[Result "1-0"]
[Round "06"]
[TimeControl "180+1"]
[Date "2022.10.12"]
[WhiteClock "0:00:35"]
[BlackClock "0:00:05"]

1. d4 f5 2. e3 Nf6 3. c4 d6 4. b3 g6 5. Bb2 Bg7 6. Nh3 O-O 7. Nd2 Nc6 8. Qc2 e5 9. dxe5 dxe5 10. O-O-O Qe7 11. a3 a5 12. Be2 Kh8 13. f3 Be6 14. Kb1 Nd7 15. Ka1 Nc5 16. Nb1 a4 17. b4 Nb3+ 18. Ka2 b5 19. Nd2 Nxd2 20. Rxd2 Bh6 21. f4 Qf7 22. Rc1 Rad8 23. Ka1 Rxd2 24. Qxd2 bxc4 25. b5 Nd8 26. Bxe5+ Bg7 27. Qc3 Bxe5 28. Qxe5+ Qg7 29. Qc3 Nb7 30. Ng5 Bg8 31. Qxg7+ Kxg7 32. Bxc4 h6 33. Nf3 Bxc4 34. Rxc4 Rf7 35. Ne5 Re7 36. Rxa4 Nd6 37. Rb4 g5 38. a4 Nb7 39. Kb2 Nc5 40. a5 Re8 41. a6 Kf6 42. Rc4 Ne6 43. Rc6 gxf4 44. exf4 Ke7 45. a7 Ra8 46. Rc4 Kd6 47. Nc6 Nc5 48. Ka3 Ne4 49. Kb4 Nf6 50. Rd4+ Ke6 51. Ka5 Nd5 52. Ka6 Nb6 53. Kb7 Rg8 54. Kxc7 Nd5+ 55. Rxd5 Kxd5 56. Ne7+ 1-0


[Site "https://www.chess.com"]

[Event "Titled Tuesday Blitz October 11 Late 2022"]
[White "Grinev, Valeriy"]
[Black "Zhigalko, Sergei"]
[WhiteFideId "14117517"]
[BlackFideId "13502956"]
[WhiteElo "2365"]
[BlackElo "2662"]
[Result "0-1"]
[Round "06"]
[TimeControl "180+1"]
[Date "2022.10.11"]
[WhiteClock "0:00:11"]
[BlackClock "0:00:11"]

1. d4 Nf6 2. c4 e6 3. Nc3 Bb4 4. e3 O-O 5. Bd2 b6 6. Rc1 Bb7 7. Nf3 d5 8. cxd5 exd5 9. Bd3 a6 10. O-O Bd6 11. Ne5 c5 12. f4 c4 13. Bb1 b5 14. Qf3 Nbd7 15. Qh3 Nb6 16. g4 Ne4 17. Nxe4 dxe4 18. g5 Bxe5 19. fxe5 Qxg5+ 20. Kh1 f5 21. exf6 Rxf6 22. Rxf6 Qxf6 23. Rf1 Qg6 24. Bb4 h6 25. Rf4 Nd5 26. Rg4 Qf7 27. Bd6 Bc8 28. Bxe4 Bxg4 29. Qxg4 Nf6 30. Qg2 Nxe4 31. Be5 Re8 32. h3 Nf6 33. Qc6 Qd5+ 0-1


[Site "https://www.chess.com"]

[Event "Titled Tuesday Blitz October 11 Late 2022"]
[White "Haszon, David"]
[Black "Curtis, John"]
[WhiteFideId "733610"]
[BlackFideId "3200256"]
[WhiteElo "2211"]
[BlackElo "2203"]
[Result "0-1"]
[Round "06"]
[TimeControl "180+1"]
[Date "2022.10.12"]
[WhiteClock "0:00:04"]
[BlackClock "0:00:03"]

1. e4 c5 2. Nf3 d6 3. d4 cxd4 4. Nxd4 Nf6 5. f3 e5 6. Nb3 d5 7. Bg5 dxe4 8. Qxd8+ Kxd8 9. Nc3 exf3 10. O-O-O+ Bd7 11. gxf3 Be7 12. Bc4 Rf8 13. Rhg1 Kc8 14. Be3 Be6 15. Bxe6+ fxe6 16. Rxg7 Nc6 17. Nc5 b6 18. Nxe6 Rg8 19. Rxg8+ Nxg8 20. Nd5 Kb7 21. Nxe7 Ncxe7 22. Rd7+ Kc6 23. Rd1 Nd5 24. Bd2 Re8 25. Ng5 h6 26. Ne4 Rf8 27. Rf1 b5 28. Nc3 Nxc3 29. Bxc3 Rf5 30. Kd2 Rh5 31. Rf2 Kd5 32. Ke3 Ne7 33. Rd2+ Ke6 34. Rg2 Nd5+ 35. Kd2 Rh3 36. Ba5 Rxf3 37. Rg6+ Kf5 38. Rxh6 e4 39. Rh5+ Ke6 40. b3 Rf2+ 41. Kc1 Ne3 42. Rc5 Rxh2 43. Bd2 Rh1+ 44. Kb2 Nf1 45. Bg5 e3 46. Bxe3 Nxe3 47. Rxb5 Nd5 48. c4 Ne3 49. Rb7 Rh2+ 50. Ka3 Nc2+ 51. Ka4 Nd4 52. a3 Nc6 53. b4 Rh4 54. Kb5 Kd6 55. Rg7 Nd4+ 56. Ka5 Rh3 57. c5+ Kc6 58. a4 Nb3+ 59. Ka6 Rh8 60. Rg6+ Kd5 61. Rd6+ Ke5 62. Rd7 Rb8 63. Re7+ Kf6 64. Rxa7 Rxb4 65. a5 Nxc5# 0-1


[Site "https://www.chess.com"]

[Event "Titled Tuesday Blitz October 11 Late 2022"]
[White "Hemam, Moulaye Brahim"]
[Black "Petrova, Irina"]
[WhiteFideId "19600054"]
[BlackFideId "14124122"]
[WhiteElo "2088"]
[BlackElo "2023"]
[Result "0-1"]
[Round "06"]
[TimeControl "180+1"]
[Date "2022.10.12"]
[WhiteClock "0:00:16"]
[BlackClock "0:00:06"]

1. e4 c5 2. Nf3 Nc6 3. d4 cxd4 4. Nxd4 Nf6 5. Nc3 e5 6. Ndb5 d6 7. Bg5 a6 8. Na3 b5 9. Bxf6 gxf6 10. Nd5 Bg7 11. c3 f5 12. exf5 Bxf5 13. Bd3 Bxd3 14. Qxd3 O-O 15. Nc2 f5 16. Nce3 e4 17. Qd2 f4 18. Nc2 Qg5 19. g3 e3 20. fxe3 fxg3 21. O-O-O Rae8 22. hxg3 b4 23. cxb4 Ne5 24. e4 Qxd2+ 25. Rxd2 Nc4 26. Rdh2 h6 27. Nc3 Rf3 28. b5 axb5 29. Nxb5 Ref8 30. b3 Rf1+ 31. Ne1 Ne3 32. Kd2 Ng4 33. Rxf1 Rxf1 34. Re2 h5 35. Nxd6 Bh6+ 36. Kc3 Rg1 37. Nf5 Bg7+ 38. Nxg7 Rxg3+ 39. Kb2 Kxg7 40. e5 Kf7 41. e6+ Ke7 42. Nc2 h4 43. a4 h3 44. a5 Rg2 45. Rxg2 hxg2 46. a6 g1=Q 47. b4 Qb6 48. Kb3 Qxa6 49. Na3 Kxe6 50. b5 Qb7 51. Kb4 Ne5 52. Nc4 Nxc4 53. Kxc4 Qd5+ 54. Kb4 Qb7 55. Kc5 Ke5 56. b6 Ke6 57. Kb5 Kd6 58. Ka5 Kc6 59. Ka4 Qxb6 60. Ka3 Kc5 0-1


[Site "https://www.chess.com"]

[Event "Titled Tuesday Blitz October 11 Late 2022"]
[White "Holt, Conrad"]
[Black "Carlsen, Magnus"]
[WhiteFideId "2034387"]
[BlackFideId "1503014"]
[WhiteElo "2592"]
[BlackElo "2830"]
[Result "0-1"]
[Round "06"]
[TimeControl "180+1"]
[Date "2022.10.11"]
[WhiteClock "0:01:01"]
[BlackClock "0:01:23"]

1. d4 h6 2. c4 g5 3. e4 d6 4. Ne2 Nc6 5. Nbc3 Bg7 6. d5 Ne5 7. Ng3 Nf6 8. Be2 Ng6 9. O-O Nd7 10. Qc2 Nf4 11. Nh5 Nxh5 12. Bxh5 Bd4 13. Kh1 Nf6 14. Be2 e5 15. dxe6 Bxe6 16. Qd3 Be5 17. f4 gxf4 18. Bxf4 Nd7 19. Qg3 Bxf4 20. Rxf4 Qg5 21. Qf2 c6 22. Rf1 Rg8 23. Nd5 O-O-O 24. h4 Qe5 25. Ne7+ Kc7 26. Nxg8 Rxg8 27. Bh5 Qxh5 28. b3 a6 29. Rd1 Qxd1+ 0-1


[Site "https://www.chess.com"]

[Event "Titled Tuesday Blitz October 11 Late 2022"]
[White "Ibarra Jerez, Jose Carlos"]
[Black "Lazavik, Denis"]
[WhiteFideId "2226332"]
[BlackFideId "13515110"]
[WhiteElo "2627"]
[BlackElo "2437"]
[Result "1/2-1/2"]
[Round "06"]
[TimeControl "180+1"]
[Date "2022.10.11"]
[WhiteClock "0:00:14"]
[BlackClock "0:00:14"]

1. e4 c5 2. Nc3 e6 3. Nge2 Nc6 4. d4 cxd4 5. Nxd4 Qc7 6. g4 a6 7. Be3 b5 8. Nxc6 Qxc6 9. Qd2 b4 10. Ne2 Qxe4 11. Rg1 Qc4 12. Nf4 Qc7 13. O-O-O Nf6 14. Nh5 Bb7 15. Bb6 Qc6 16. Bg2 d5 17. Bd4 Nxh5 18. gxh5 Rg8 19. Qd3 g6 20. Kb1 O-O-O 21. c3 Kb8 22. Rc1 b3 23. axb3 Bc5 24. Bf3 Bxd4 25. Qxd4 Qd6 26. hxg6 hxg6 27. Qf6 Rgf8 28. h4 e5 29. Qg5 e4 30. Be2 Rfe8 31. Rcd1 Qe5 32. Qe3 Re6 33. h5 gxh5 34. Rg5 f5 35. Rxh5 Rf8 36. Qc5 Qd6 37. Qd4 Qb6 38. Qg7 Ref6 39. Rd4 R6f7 40. Qg3+ Qc7 41. Qg6 Rf6 42. Qg5 a5 43. Rh6 Rxh6 44. Qxh6 Rf7 45. Qe6 f4 46. Bh5 Re7 47. Qf6 e3 48. fxe3 fxe3 49. Be2 Qe5 50. Qxe5+ Rxe5 51. Kc2 Bc8 52. c4 dxc4 53. bxc4 Bf5+ 54. Kc3 Kc7 55. Rd5 Rxd5 56. cxd5 Kd6 57. Kd4 Bg6 58. Bc4 Bf7 59. Kxe3 Bxd5 60. Bxd5 Kxd5 61. Kd3 Kc5 62. Kc3 Kb5 63. Kb3 a4+ 64. Ka3 Ka5 65. b3 axb3 66. Kxb3 1/2-1/2


[Site "https://www.chess.com"]

[Event "Titled Tuesday Blitz October 11 Late 2022"]
[White "Ismagilov, Damir"]
[Black "Ballester Llagaria, Luis Eduardo"]
[WhiteFideId "34199982"]
[BlackFideId "2297620"]
[WhiteElo "2681"]
[BlackElo "2500"]
[Result "1/2-1/2"]
[Round "06"]
[TimeControl "180+1"]
[Date "2022.10.12"]
[WhiteClock "0:00:11"]
[BlackClock "0:00:18"]

1. d4 d5 2. Bf4 Nf6 3. e3 c5 4. c3 Nc6 5. Nd2 Qb6 6. Qb3 c4 7. Qc2 Bg4 8. Ngf3 e6 9. Be2 Be7 10. b3 cxb3 11. axb3 O-O 12. O-O Rfc8 13. h3 Bf5 14. Qb2 h6 15. Ne5 Nxe5 16. Bxe5 Ne4 17. Nxe4 Bxe4 18. Rfd1 Bd6 19. Bxd6 Qxd6 20. Bd3 Bxd3 21. Rxd3 a5 22. Rdd1 b5 23. Ra2 a4 24. Rda1 Qc6 25. bxa4 bxa4 26. Ra3 g6 27. Qc2 Kg7 28. Rxa4 Rxa4 29. Rxa4 Qxc3 30. Qxc3 Rxc3 31. g4 g5 32. Kg2 Rc2 33. Ra7 Rb2 34. Rc7 Ra2 35. Kg3 Rb2 36. Rc1 Ra2 37. Rc3 Ra1 38. f4 gxf4+ 39. Kxf4 Rh1 40. e4 dxe4 41. Kxe4 Re1+ 42. Kf4 Rf1+ 43. Ke5 Re1+ 44. Kd6 Rd1 45. Kc5 Kg6 46. Rf3 Rc1+ 47. Kd6 Rd1 48. Rf4 Ra1 49. h4 Ra6+ 50. Ke5 Ra5+ 51. Ke4 Kg7 52. Rf3 Rb5 53. Rc3 Ra5 54. Rd3 Rd5 55. Rc3 Ra5 56. Rc5 Ra1 57. d5 Ra4+ 58. Kf3 exd5 59. Rxd5 Ra3+ 60. Kf4 Ra4+ 61. Kf5 Ra1 62. Rd4 Rf1+ 63. Rf4 Re1 64. g5 h5 65. Re4 Rf1+ 66. Ke5 Rg1 67. Rf4 Re1+ 68. Kf5 Rh1 69. Ra4 Rf1+ 70. Ke5 Rg1 71. Rf4 Re1+ 72. Kf5 Ra1 73. Re4 Rg1 74. Rf4 Re1 75. Re4 Ra1 76. Ke5 Rg1 77. Kf5 Rf1+ 78. Rf4 Ra1 79. Re4 Rd1 80. Ke5 Rg1 1/2-1/2


[Site "https://www.chess.com"]

[Event "Titled Tuesday Blitz October 11 Late 2022"]
[White "Issani, Nameer"]
[Black "Sjugirov, Sanan"]
[WhiteFideId "2619130"]
[BlackFideId "4189302"]
[WhiteElo "2667"]
[BlackElo "2609"]
[Result "1-0"]
[Round "06"]
[TimeControl "180+1"]
[Date "2022.10.11"]
[WhiteClock "0:01:37"]
[BlackClock "0:02:30"]

1. d4 Nf6 2. c4 e6 3. Nc3 Bb4 4. e3 Bxc3+ 5. bxc3 b6 6. Bd3 Bb7 7. Nf3 d6 8. O-O Nbd7 9. Qc2 Bxf3 10. gxf3 O-O 11. e4 e5 12. Kh1 Nh5 13. Rg1 Qf6 14. Be2 Nf4 15. Bxf4 Qxf4 16. Rg4 Qh6 17. Rag1 g6 18. f4 Nf6 19. Rg5 exf4 20. e5 dxe5 21. dxe5 Rae8 22. exf6 Re6 23. Rh5 f3 24. Rxh6 fxe2 25. Re1 Rfe8 26. Rh3 Rxf6 27. Rxe2 Rd8 28. Rd3 Rfd6 29. Rxd6 Rxd6 30. Qe4 Kg7 31. Qe5+ Rf6 32. f4 Kh6 33. Qxf6 Kh5 34. Qg5# 1-0


[Site "https://www.chess.com"]

[Event "Titled Tuesday Blitz October 11 Late 2022"]
[White "Jaracz, Pawel"]
[Black "Taboas Rodriguez, Daniel"]
[WhiteFideId "1102222"]
[BlackFideId "2208466"]
[WhiteElo "2698"]
[BlackElo "2527"]
[Result "1-0"]
[Round "06"]
[TimeControl "180+1"]
[Date "2022.10.12"]
[WhiteClock "0:00:20"]
[BlackClock "0:00:01"]

1. d4 Nf6 2. c4 g6 3. Nc3 Bg7 4. e4 d6 5. Nf3 O-O 6. Be2 e5 7. O-O Nc6 8. d5 Ne7 9. Ne1 Ne8 10. Nd3 f5 11. a4 Nf6 12. f3 f4 13. a5 g5 14. c5 Rf7 15. Bd2 Ng6 16. Rc1 Bf8 17. a6 bxa6 18. Nb4 g4 19. fxg4 Rg7 20. Nc6 Qd7 21. h3 h5 22. g5 Nh7 23. Bxh5 Nxg5 24. Bg4 Qe8 25. Bxc8 Qxc8 26. Qg4 Qxg4 27. hxg4 dxc5 28. Be1 Bd6 29. Ra1 Kf7 30. Rxa6 Rh7 31. Rxa7 c4 32. Rxa8 f3 33. Nb5 Bc5+ 34. Bf2 fxg2 35. Bxc5+ gxf1=Q+ 36. Kxf1 Nxe4 37. Be3 Rh2 38. Nxc7 Rxb2 39. Ne6 c3 40. Ra7+ Kf6 41. Ncd8 Nf4 42. Rf7+ Kg6 43. Bxf4 exf4 44. Nxf4+ Kg5 45. Nde6+ Kxg4 46. Ne2 c2 47. Rf4+ Kh3 48. Rxe4 Rb1+ 49. Kf2 Rb2 50. N6f4+ Kh2 51. Nd3 Rb4 52. Rxb4 c1=Q 53. Rh4# 1-0


[Site "https://www.chess.com"]

[Event "Titled Tuesday Blitz October 11 Late 2022"]
[White "Jimenez, Joaquin"]
[Black "Yurovskykh, Oleksandr"]
[WhiteFideId "109860"]
[BlackFideId "14134020"]
[WhiteElo "2163"]
[BlackElo "2303"]
[Result "0-1"]
[Round "06"]
[TimeControl "180+1"]
[Date "2022.10.12"]
[WhiteClock "0:00:04"]
[BlackClock "0:00:15"]

1. e4 d5 2. exd5 Qxd5 3. d4 Nc6 4. Nf3 Bg4 5. Be2 O-O-O 6. Be3 e5 7. Nxe5 Bxe2 8. Qxe2 Nxe5 9. dxe5 Qxe5 10. Nc3 Nf6 11. O-O Bb4 12. Nb5 a6 13. Qc4 Qxb5 14. Qxf7 Qd7 15. Qc4 Bd6 16. a4 Rhe8 17. b4 Re4 18. Qe2 Rxb4 19. c4 Qc6 20. Rfc1 Re8 21. Qd3 Qe4 22. Qf1 c5 23. Qd1 Be7 24. Qe2 Rd8 25. a5 Qd3 26. Qf3 Rb2 27. Qh3+ Qd7 28. Qg3 Bd6 29. Qh4 Be5 30. g3 Bd4 31. Qg5 Bxe3 32. Qxe3 Qd4 33. Qe6+ Kb8 34. Rf1 Re8 35. Qf7 Qd7 36. Qxd7 Nxd7 37. Rae1 Rbe2 38. Rd1 Nf6 39. Rd6 Re1 40. f3 Rxf1+ 41. Kxf1 Kc7 42. Rd3 Rd8 43. Re3 Rd4 44. Re7+ Rd7 45. Re5 Kd6 46. Rf5 Re7 47. g4 h6 48. h4 Nd7 49. Rd5+ Kc6 50. g5 hxg5 51. hxg5 Ne5 52. f4 Nxc4 53. Rf5 Nxa5 54. g6 Nc4 55. Rf7 Kd6 56. Rf8 Ne3+ 57. Kf2 Nd5 58. f5 Nf6 59. Kf3 Re5 60. Kf4 Re4+ 61. Kf3 Ke5 62. Rf7 Kxf5 63. Rxg7 Rg4 64. Rxb7 Rxg6 65. Ra7 Rg4 66. Rxa6 Rd4 67. Ke3 Rd5 68. Ra8 Ng4+ 69. Ke2 Ke4 70. Re8+ Ne5 71. Rc8 c4 72. Ke1 Kd3 73. Kd1 c3 74. Kc1 Nc4 75. Rh8 Ne3 76. Rh3 Ra5 77. Kb1 c2+ 78. Kb2 Rb5+ 79. Ka2 c1=Q 80. Rxe3+ Qxe3 0-1


[Site "https://www.chess.com"]